 Dungeon Crawl Stone Soup version 0.22-a0-247-gbddf880 (webtiles) character file.

9 Amnesiac the Grasshopper (level 2, 0/14 HPs)
             Began as a Spriggan Warper on Feb 26, 2018.
             Shot with an arrow by a centaur (1 damage)
             ... on level 4 of the Dungeon.
             The game lasted 00:06:14 (1266 turns).

Amnesiac the Grasshopper (Spriggan Warper)          Turns: 1266, Time: 00:06:15

Health: 0/14       AC:  2    Str:  7    XL:     2   Next: 3%
Magic:  7/7        EV: 33    Int: 14    God:
Gold:   46         SH:  0    Dex: 15    Spells: 5/7 levels left

rFire    . . .     SeeInvis +   a - +0 short sword {!a}
rCold    . . .     Gourm    .   (shield restricted)
rNeg     . . .     Faith    .   b - +0 robe
rPois    .         Spirit   .   (helmet restricted)
rElec    .         Reflect  .   (no cloak)
rCorr    .         Harm     .   (gloves unavailable)
MR       .....                  (boots unavailable)
Stlth    ++........             g - amulet of the acrobat
HPRegen  0.04/turn              (no ring)
MPRegen  0.10/turn              (no ring)

@: very quick
A: very small, unfitting armour, see invisible, herbivore, speed 3, slow
metabolism 2
a: no special abilities


You were on level 4 of the Dungeon.
You were not hungry.

You visited 1 branch of the dungeon, and saw 4 of its levels.

You collected 46 gold pieces.

Inventory:

Hand Weapons
 a - a +0 short sword (weapon) {!a}
 k - a +1 mace of draining
Missiles
 e - 5 tomahawks of dispersal (quivered)
 m - 52 sling bullets
 n - 8 needles of confusion
 o - a throwing net
 p - a stone
Armour
 b - a +0 robe (worn)
 h - a +0 buckler
Jewellery
 g - an amulet of the acrobat (around neck)
Scrolls
 d - a scroll of blinking {!r}
 f - a scroll of identify {!r, unknown}
 i - 2 scrolls of remove curse {!r, unknown}
 j - a scroll of enchant armour {!r, unknown}
 q - a scroll of noise {!r, unknown}
 r - a scroll of teleportation {!r, unknown}
Potions
 l - 2 potions of flight {!q, unknown}
Comestibles
 c - 2 rations


   Skills:
 - Level 1.5 Fighting
 - Level 2.2 Short Blades
 - Level 1.0 Throwing
 - Level 3.5 Dodging
 - Level 2.1 Stealth
 - Level 3.0 Spellcasting
 + Level 4.4 Translocations


You had 5 spell levels left.
You knew the following spells:

 Your Spells              Type           Power        Failure   Level  Hunger
v - Blink                 Tloc           N/A          5%          2    ##.....


Dungeon Overview and Level Annotations

Branches:
Dungeon (4/15)
 Temple: D:4-7

Altars:


Innate Abilities, Weirdness & Mutations

You are very small and have problems with some larger weapons.
You are too small for most types of armour.
You have supernaturally acute eyesight. (SInv)
You are a herbivore.
You cover ground extremely quickly.
You need consume almost no food.


Message History

Ouch! That really hurt!
* * * LOW HITPOINT WARNING * * *
Casting: Blink (safe; 5% risk of failure)
Confirm with . or Enter, or press ? or * to list all spells.
You blink.
There is a stone staircase leading up here.
You climb upwards.
The orc shouts!
There is a stone staircase leading down here.
A kobold comes into view. It is wielding a club.
The kobold throws a stone.
The stone completely misses you.
You see here a stone.
Found a throwing net.
o - a throwing net You start resting.
Found 8 stones.
You see here 8 stones.
You see here a stone.
p - a stone The kobold shouts!
The kobold hits you with a club.
* * * LOW HITPOINT WARNING * * *
The kobold throws a stone.
The stone hits you but does no damage.
You see here a stone.
The kobold throws a stone.
The stone misses you.
You see here a stone.
There is a stone staircase leading down here.
You climb downwards.
There is a stone staircase leading up here.
Unknown command.
You start resting.
You start resting.
You start resting.
Really attack while wielding your +0 short sword {!a}? [Y]es or [N]o only, please.
Really attack while wielding your +0 short sword {!a}? [Y]es or [N]o only, please.
Really attack while wielding your +0 short sword {!a}? [Y]es or [N]o only, please.
Really attack while wielding your +0 short sword {!a}? [Y]es or [N]o only, please.
Really attack while wielding your +0 short sword {!a}?
Okay, then.
The frilled lizard hisses angrily.
Found a scroll labeled HORROA UJEPNO and a pair of boots.
Found a trident and a scroll labeled UPETHUT TECHUTH.
q - a scroll labeled HORROA UJEPNO {!r}
There are no items here.
r - a scroll labeled UPETHUT TECHUTH {!r}
There are no items here.
You start resting.
The frilled lizard misses you.
The giant cockroach waves its antennae.
The giant cockroach misses you.
The centaur shouts!
You see here 20 stones.
The centaur wields a runed shortbow.
It bursts into flame!
The centaur shoots an arrow.
The arrow closely misses you.
The centaur shoots an arrow.
The arrow barely misses you.
The centaur shoots an arrow.
The arrow hits you!
Ouch! That really hurt!
* * * LOW HITPOINT WARNING * * *
The arrow burns you.
You die...

#.............#.##.######...
###############.##.### #...
######....########......# ....l
#....'....'.....##.##.#.##.#...
#.####....####..##.##.#........
#.# #...(# #..##.##.#..###### #.#
#....# #..##.##.#..#.....
###.####....####.(##.......#.####
#...............@.......#..#.#...
##..######c##...........##.#.#.#)
#..# #.##..............#.#.##
#..# #.................#.#.l.
##..### #.##.#..#####.###.#.####
#.....# #.##.#..#####.# .#.....
###.#.# #.##.#..... ... .######
#...# ##.##.#..#### .## .......
###.#####............... .......


You could see a centaur.

Vanquished Creatures
  A dart slug (D:4)
  A ball python (D:4)
  A giant cockroach (D:2)
  A quokka (D:4)
  2 bats (D:2)
6 creatures vanquished.

Notes
Turn   | Place    | Note
-------+----------+-------------------------------------------
     0 | D:1      | Amnesiac the Spriggan Warper began the quest for the Orb.
     0 | D:1      | Reached XP level 1. HP: 10/10 MP: 5/5
    74 | D:2      | Noticed an ice beast
   159 | D:2      | Noticed a hound
   233 | D:4      | Noticed a howler monkey
   264 | D:4      | Reached skill level 1 in Stealth
   298 | D:4      | Reached XP level 2. HP: 14/14 MP: 7/7
   301 | D:4      | Noticed a phantom
   321 | D:4      | Learned a level 2 spell: Blink
   400 | D:4      | Noticed an ogre
   519 | D:4      | Noticed a centaur
  1266 | D:4      | Shot with an arrow by a centaur

Vault maps used:
D:1:      dpeg_arrival_line_fractal, lemuel_another_geyser
D:2:      minmay_pentomino_t4
D:3:      first_ration
D:4:      minivault_5, minmay_misc_feat_rows, kennysheep_generic_room_3

Skill      XL: |  1 |
---------------+----+-----
Spellcasting   | 3 |  3.0
Stealth        | 2 |  2.1
Fighting       | |  1.5
Short Blades   | |  2.2
Throwing       | |  1.0
Dodging        | |  3.5
Translocations | |  4.4

Action                   || total
-------------------------++-------
Melee: Short sword       ||    18
 Cast: Blink             ||     6
 Stab: Sleeping          ||     1
Armor: Robe              ||     3
Dodge: Dodged            ||    39

Table legend:
 A = Spawn XP
 B = Non-spawn XP
 C = Spawn XP percentage of total XP
 D = Spawn monster count
 E = Non-spawn monster count
 F = Spawn count percentage of total count
 G = Total turns spent on level
                    A         B        C        D         E        F      G
               +---------+---------+-------+---------+---------+-------+---------
         Total |       0 |      13 |   0.0 |       0 |       6 |   0.0 |  1266
               +---------+---------+-------+---------+---------+-------+---------
           D:2 |       0 |       5 |   0.0 |       0 |       3 |   0.0 |   169
           D:4 |       0 |       8 |   0.0 |       0 |       3 |   0.0 |   988
               +---------+---------+-------+---------+---------+-------+---------
